 Dungeon Crawl Stone Soup version 0.16.1-16-gc44b35d (webtiles) character file.

139 Noir the Digger (level 5, -9/28 HPs)
             Began as a Gargoyle Earth Elementalist on Apr 20, 2015.
             Mangled by a crocodile (16 damage)
             ... in a sewer.
             The game lasted 00:13:42 (2476 turns).

Noir the Digger (Gargoyle Earth Elementalist)       Turns: 2476, Time: 00:13:42

Health: -9/28      AC:  8    Str: 11    XL:     5   Next: 22%
Magic:  0/13       EV: 12    Int: 17    God:
Gold:   102        SH:  0    Dex: 10    Spells: 3 memorised, 6 levels left

rFire  . . .     SeeInvis .     A - +5 hunting sling
rCold  . . .     Clarity  .     c - +0 robe
rNeg   + . .     SustAb   .     (no shield)
rPois  ∞         Gourm    .     j - +1 hat
rElec  +         Spirit   .     x - +0 cloak
rCorr  .         Warding  .     (no gloves)
rMut   .         Stasis   .     (no boots)
MR     .....                    (no amulet)
Stlth  ++........               (no ring)
                                (no ring)

@: very slightly contaminated, invisible, not resistant to hostile enchantments,
unstealthy
A: negative energy resistance 1, electricity resistance, unbreathing,
petrification resistance, rot immunity, AC +4
a: no special abilities


You were in a sewer.
You were not hungry.

You visited 1 branch of the dungeon, and saw 3 of its levels.
You also visited: Sewer.

You collected 102 gold pieces.

Inventory:

Hand weapons
 p - a +0 short sword
 t - a +0 hunting sling
 A - a +5 hunting sling (weapon)
Missiles
 b - 51 stones (quivered)
 y - 50 bolts
Armour
 c - a +0 robe (worn)
 j - a +1 hat (worn)
 x - a +0 cloak (worn)
Jewellery
 n - a +4 ring of protection {unknown}
Magical devices
 z - a wand of teleportation (0)
Scrolls
 e - 2 scrolls of amnesia
 k - a scroll of random uselessness {unknown}
 o - a scroll of magic mapping
 q - a scroll of enchant armour
 s - a scroll of teleportation
 u - a scroll of remove curse
 B - a scroll of noise {unknown}
Potions
 g - 2 potions of cancellation {unknown}
 h - a potion of lignification {unknown}
 i - a potion of mutation {unknown}
 m - a potion of haste {unknown}
 w - a potion of curing {unknown}
 C - a potion of poison {unknown}
Books
 d - a book of Geomancy

   Spells                             Type                      Level
   a - Sandblast                      Earth                        1
   b - Stoneskin                      Transmutation/Earth          2
   c - Passwall                       Transmutation/Earth          3
   d - Stone Arrow                    Conjuration/Earth            3
   e - Petrify                        Transmutation/Earth          4
   f - Lee's Rapid Deconstruction     Earth                        5
Comestibles
 a - 3 bread rations
 l - a beef jerky
 r - a slice of pizza


   Skills:
 - Level 1.5 Dodging
 - Level 2.1 Stealth
 * Level 4.0 Spellcasting
 - Level 0.7 Transmutations
 + Level 5.0 Earth Magic


You had 6 spell levels left.
You knew the following spells:

 Your Spells              Type           Power        Failure   Level  Hunger
a - Sandblast             Erth           ###...       1%          1    None
b - Stoneskin             Trmt/Erth      ##......     10%         2    ##.....
c - Stone Arrow           Conj/Erth      ##....       17%         3    ###....


Dungeon Overview and Level Annotations

Branches:
Dungeon (3/15)

Altars:


Innate Abilities, Weirdness & Mutations

You are resistant to torment.
You are immune to poison.
Your stone body is very resilient (AC +4).
You resist negative energy.
You are resistant to electric shocks.
You can survive without breathing.
You are immune to petrification.
You are immune to rotting.


Message History

Why would you want to do that?
Unknown command.
The crocodile disappears!
The crocodile reappears nearby!
The crocodile bites you!
Ouch! That really hurt!
* * * LOW HITPOINT WARNING * * *
There is an empty arch of ancient stone here.
Casting: Stone Arrow
Confirm with . or Enter, or press ? or * to list all spells.
Okay, then.
You fade into invisibility!
The crocodile closely misses you.
Casting: Stone Arrow
Confirm with . or Enter, or press ? or * to list all spells.
Aiming: Stone Arrow
Press: ? - help, Shift-Dir - straight line, f/p - crocodile
Aim: a crocodile (heavily wounded)
The stone arrow misses the crocodile.
The crocodile bites you!
Ouch! That really hurt!
You die...

∩ . . . . ####### .
##.....## .
##...≈...##
.#######...≈≈≈...##
..........≈≈≈≈≈t@.#
.#######...≈≈≈...##
. ##...≈...## .
##.....## . #######
. ( ( .


You could see a crocodile.

Vanquished Creatures
  2 adders (D:3)
  2 river rats (D:3)
  5 worms
  An ooze (D:1)
  2 ball pythons (D:2)
  7 giant cockroaches
  7 hobgoblins
  3 jackals (D:2)
  3 kobolds
  2 quokkas (D:3)
  17 bats
  2 giant geckos
  3 giant newts
  13 goblins
  8 rats
77 creatures vanquished.

Notes
Turn   | Place    | Note
--------------------------------------------------------------
     0 | D:1      | Noir, the Gargoyle Earth Elementalist, began the quest for the Orb.
     0 | D:1      | Reached XP level 1. HP: 10/10 MP: 3/3
   501 | D:1      | Reached XP level 2. HP: 10/15 MP: 5/5
  1178 | D:2      | Learned a level 2 spell: Stoneskin
  1185 | D:2      | Reached XP level 3. HP: 19/19 MP: 6/6
  1212 | D:2      | Reached skill level 4 in Earth Magic
  1654 | D:2      | Reached XP level 4. HP: 18/24 MP: 10/10
  1733 | D:2      | Learned a level 3 spell: Stone Arrow
  2285 | D:3      | Reached XP level 5. HP: 23/28 MP: 12/12
  2295 | D:3      | Found a glowing drain.
  2305 | D:3      | Reached skill level 5 in Earth Magic
  2325 | Sewer    | Entered a sewer
  2449 | Sewer    | Noticed a crocodile
  2476 | Sewer    | Mangled by a crocodile

Action                   |  1- 3 |  4- 6 || total
-------------------------+-------+-------++-------
Melee: Short sword       |    54 |       ||    54
       Unarmed           |     4 |       ||     4
       Club              |     2 |       ||     2
 Fire: Hunting sling     |    96 |   104 ||   200
Throw: Stone             |    24 |       ||    24
 Cast: Sandblast         |    13 |     5 ||    18
       Stone Arrow       |       |     4 ||     4
Evoke: Wand              |       |     1 ||     1
  Use: Scroll            |       |     6 ||     6
       Potion            |       |     1 ||     1
  Eat: Chunk             |     2 |     3 ||     5
